 Dungeon Crawl Stone Soup version 0.28-a0-206-gc2c9e32840 (webtiles) character file.

Game seed: 11312757384505846278

48 willcat the Sneak (level 4, 0/28 HPs)
             Began as a Kobold Delver on Aug 20, 2021.
             Killed by divine providence
             ... invoked by an orc priest
              (8 damage)
             ... on level 5 of the Dungeon.
             The game lasted 00:00:22 (262 turns).

willcat the Sneak (Kobold Delver)                    Turns: 262, Time: 00:00:23

Health: 0/28       AC:  3    Str:  9    XL:     4   Next: 0%
Magic:  4/4        EV: 15    Int: 11    God:
Gold:   10         SH:  0    Dex: 17    Spells: 3/3 levels left

rFire   . . .      SeeInvis .   a - +0 short sword
rCold   . . .      Faith    .   (shield restricted)
rNeg    . . .      Spirit   .   b - +0 leather armour
rPois   .          Reflect  .   (no helmet)
rElec   .          Harm     .   (no cloak)
rCorr   .          Rampage  .   (no gloves)
Will    .....                   (no boots)
Stlth   ++++......              (no amulet)
HPRegen 0.09/turn               (no ring)
MPRegen 0.09/turn               (no ring)

@: no status effects
A: small, no large weapons, nightstalker 3
a: no special abilities


You were on level 5 of the Dungeon.
You visited 1 branch of the dungeon, and saw 1 of its levels.

You collected 10 gold pieces.

Inventory:

Hand Weapons
 a - a +0 short sword (weapon)
Armour
 b - a +0 leather armour (worn)
Wands
 g - a wand of digging (3)
Scrolls
 c - a scroll of fog
 d - a scroll of magic mapping
 e - a scroll of fear
 h - a scroll of teleportation {unknown}
Potions
 f - a potion of haste


   Skills:
 - Level 3.2 Fighting
 + Level 3.7 Short Blades
 + Level 3.3 Dodging
 + Level 7.2 Stealth


You had 3 spell levels left.
You didn't know any spells.
Your spell library was empty.

Dungeon Overview and Level Annotations

Branches:
Dungeon (5/15)
 Temple: D:4-7

Altars:


Innate Abilities, Weirdness & Mutations

You are small and have problems with some larger weapons.
You are completely attuned to the shadows.


Message History

The orc is almost dead.
The orc hits you with a +0 club.
You barely miss the orc.
The orc is almost dead.
The orc completely misses you.
You hit the orc but do no damage.
The orc is almost dead.
The orc hits you but does no damage.
You barely miss the orc.
The orc is almost dead.
The orc closely misses you.
You hit the orc but do no damage.
The orc is almost dead.
The orc barely misses you.
You barely miss the orc.
The orc is almost dead.
You hit the orc.
You kill the orc!
You have reached level 4!
You barely miss the orc. The orc hits you with a +0 dagger.
You hit the orc priest.
The orc priest is lightly wounded.
The orc hits you with a +0 dagger.
The orc priest calls down the wrath of Beogh upon you.
Beogh smites you!
You are too injured to fight recklessly!
You hit the orc priest.
The orc priest is heavily wounded.
The orc barely misses you. The orc priest hits you with a +0 club.
* * * LOW HITPOINT WARNING * * *
Unknown command.
You hit the orc priest but do no damage.
The orc priest is heavily wounded.
The orc closely misses you.
Unknown command.
You hit the orc priest.
The orc priest is heavily wounded.
The orc priest calls down the wrath of Beogh upon you.
Beogh smites you!
You die...

o# #.# ##.## #.#
#..o##. #.# ..♣..o
#.# #...# ###.#
##o###### #...#
........# ###
#.###
######..#######o##
#.#
####......oo.#@#
#.#
.....########o##
#.# ######
#.####.# #......#
########


You could see an orc priest and an orc.

Vanquished Creatures
  A jelly (D:5)
  A hound skeleton (D:5)
  3 orcs (D:5)
5 creatures vanquished.

Notes
Turn   | Place    | Note
-------+----------+-------------------------------------------
     0 | D:5      | willcat the Kobold Delver began the quest for the Orb.
     0 | D:5      | Reached XP level 1. HP: 14/14 MP: 1/1
    35 | D:5      | Reached XP level 2. HP: 19/19 MP: 2/2
   147 | D:5      | Reached skill level 7 in Stealth
   147 | D:5      | Reached XP level 3. HP: 23/23 MP: 3/3
   258 | D:5      | Reached XP level 4. HP: 19/28 MP: 4/4
   262 | D:5      | Killed from afar by an orc priest

Illustrated notes

Levels and vault maps discovered:
D:5:      layout_loops_ring, grunt_ministairs_5, guppyfry_early_lair_pool,
          uniq_menkaure, uniq_ijyb

Skill      XL: |  1  2 |
---------------+-------+-----
Short Blades   | 3 |  3.7
Dodging        | 3 |  3.3
Stealth        | 7 |  7.2
Fighting       | |  3.2

Action                   |  1- 3 |  4- 6 || total
-------------------------+-------+-------++-------
Melee: Short sword       |    23 |     5 ||    28
 Stab: Sleeping          |     2 |       ||     2
Armor: Leather armour    |     3 |       ||     3
Dodge: Dodged            |    10 |     2 ||    12

Table legend: (Time is in decaauts)
 A = Elapsed time spent in this place.
 B = Non-inter-level travel time spent in this place.
 C = Inter-level travel time spent in this place.
 D = Time resting spent in this place.
 E = Time spent auto-exploring this place.
 F = Levels seen in this place.
 G = Mean time per level.
                   A        B        C        D        E       F      G
               +--------+--------+--------+--------+--------+-----+--------+
         Total |    259 |    259 |      0 |     72 |    138 |   1 |  259.0 |
       Dungeon |    259 |    259 |      0 |     72 |    138 |   1 |  259.0 |
               +--------+--------+--------+--------+--------+-----+--------+

Top non-repeatable levels by time:
     D:5: 259 daAuts
